 Dungeon Crawl Stone Soup version 0.32-a0-768-g0f6f1dd4b9 (webtiles) character file.

Game seed: 15214585559647935293

56 Aldia the Chopper (level 3, -2/31 HPs)
             Began as a Mountain Dwarf Reaver on Mar 18, 2024.
             Slain by Terence
             ... wielding a +0 trident
              (10 damage)
             ... on level 2 of the Dungeon.
             The game lasted 00:03:32 (1763 turns).

Aldia the Chopper (Mountain Dwarf Reaver)           Turns: 1763, Time: 00:03:33

Health: -2/31      AC:  3    Str: 14    XL:     3   Next: 69%
Magic:  6/6        EV: 10    Int: 15    God:
Gold:   67         SH:  0    Dex:  8    Spells: 5/6 levels left

rFire   . . .        a - +0 hand axe
rCold   . . .        (no shield)
rNeg    . . .        b - +0 leather armour
rPois   .            (no helmet)
rElec   .            (no cloak)
rCorr   .            (no gloves)
SInv    .            (no boots)
Will    .....        (no amulet)
Stlth   +            (no ring)
HPRegen 0.25/turn    (no ring)
MPRegen 0.10/turn

%: no passive effects
@: mighty
A: runic magic, artefact enchanting
a: no special abilities


You were on level 2 of the Dungeon.
You visited 1 branch of the dungeon, and saw 2 of its levels.

You collected 93 gold pieces.
You spent 26 gold pieces at shops.

Inventory:

Hand Weapons
 a - a +0 hand axe (weapon)
Armour
 b - a +0 leather armour (worn)
Wands
 i - a wand of flame (7)
Scrolls
 d - a scroll of identify
 g - a scroll of teleportation
 h - 2 scrolls of immolation
 j - a scroll of amnesia {unknown}
 l - a scroll of enchant armour {unknown}
Potions
 c - a potion of enlightenment
 e - a potion of might
 f - a potion of attraction
 k - a potion of curing


   Skills:
 + Level 3.1 Fighting
 * Level 4.3 Axes
 - Level 1.3 Dodging
 - Level 2.0 Spellcasting
 - Level 2.6 Conjurations
 + Level 2.0 Necromancy


You had 5 spell levels left.
You knew the following spells:

 Your Spells              Type           Power      Damage    Failure   Level
a - Kiss of Death         Conj/Necr      32%        2d7       9%          1

Your spell library contained the following spells:

 Spells                   Type           Power      Damage    Failure   Level
 Momentum Strike          Conj/Tloc      10%        3d8       21%         2
 Hailstorm                Conj/Ice       5%         3d5       36%         3
 Inner Flame              Hex/Fire       1%         N/A       56%         3
 Flame Wave               Conj/Fire      5%         2d5       78%         4
 Sticky Flame             Fire/Alch      1%         2d4       92%         4


Dungeon Overview and Level Annotations

Branches:
Dungeon (2/15)

Altars:

Shops:
D:1 *

Annotations:
D:2 Terence


Innate Abilities, Weirdness & Mutations

Your spellcasting is much less encumbered by armour.
You can use scrolls of enchantment on lesser artefacts.


Message History

You see here a frilled lizard corpse.
You closely miss the giant cockroach. The giant cockroach barely misses you.
You hit the giant cockroach.
The giant cockroach is heavily wounded.
The giant cockroach closely misses you.
You hit the giant cockroach.
You kill the giant cockroach!
Your Necromancy skill increases to level 2!
No target in view!
No target in view!
You see here a giant cockroach corpse.
Found an escape hatch in the floor.
You see here a +2 short sword of venom.
e - 2 potions of might (gained 1)
Found a great sword.
l - a scroll labelled NOYKLUBLEDOWI Terence the Incautious comes into view.
He is wielding a +0 trident.
Terence shouts!
An endoplasm comes into view.
You see here a ring of see invisible.
The endoplasm quivers.
You barely miss the endoplasm.
The endoplasm hits you but does no damage.
You hit the endoplasm but do no damage. Terence closely misses you.
The endoplasm freezes you.
You are frozen.
You barely miss the endoplasm.
Terence hits you from afar with a +0 trident!
The endoplasm hits you.
You are too injured to fight recklessly!
Okay, then.
You feel very mighty all of a sudden.
Terence hits you from afar with a +0 trident!
* * * LOW HITPOINT WARNING * * *
The endoplasm closely misses you.
You hit the endoplasm.
The endoplasm is severely wounded.
Terence hits you from afar with a +0 trident!
You die...
Terence says, "That felt goooood."

#.. #.# ..#.# #.#
#.# .#.###.###.##
# ............
#)##@###.###.#
#...J.....##.###.#
#@#.#.........
#.........#### ##
##=..........#
##.###.##.##.###.#
##.#.##..#.#.##
#.# ###
##.#.#.###...# #.#
....
##.#.#.#.###.##
##.## ..#.
##.#.###.#)##.#
##..)#### ###
##.#.##.##.#[###
#....>...


You could see Terence and an endoplasm.

Vanquished Creatures
  An adder (D:2)
  A dart slug (D:1)
  5 ball pythons
  2 endoplasms (D:1)
  A giant cockroach (D:2)
  2 goblins
  10 hobgoblins
  A quokka (D:1)
  7 bats
  5 frilled lizards
  4 kobolds
  3 rats
42 creatures vanquished.

Notes
Turn   | Place    | Note
-------+----------+-------------------------------------------
     0 | D:1      | Aldia the Mountain Dwarf Reaver began the quest for the
                  | Orb.
     0 | D:1      | Reached XP level 1. HP: 17/17 MP: 3/3
    48 | D:1      | Found a faded altar of an unknown god.
   152 | D:1      | Reached skill level 4 in Axes
   283 | D:1      | Found Evvelin's General Store.
   313 | D:1      | Reached XP level 2. HP: 9/24 MP: 5/5
   634 | D:1      | Reached skill level 1 in Necromancy
   970 | D:1      | Reached XP level 3. HP: 4/30 MP: 6/6
  1005 | D:1      | HP: 1/30 [bat (1)]
  1061 | D:1      | Bought a scroll of identify for 26 gold pieces
  1756 | D:2      | Noticed Terence
  1763 | D:2      | Slain by Terence

Illustrated notes

Levels and vault maps discovered:
D:1:      psy_arrival_conway, layout_basic, serial_shops, shop,
          ebering_ecumenical_altar_box, serial_bayou_lagoon_a, minmay_unequal
D:2:      minmay_inner_zag, layout_loops_ring, uniq_terence

Skill      XL: |  1  2  3 |
---------------+----------+-----
Axes           | 4 |  4.3
Spellcasting   | 2 |  2.0
Necromancy     | 1 2 |  2.0
Fighting       | 3 |  3.1
Dodging        | |  1.3
Conjurations   | |  2.6

Action                     || total
---------------------------++-------
  Melee: Hand axe          ||   177
    Use: Scroll            ||     6
         Potion            ||     1
 Armour: Leather armour    ||   147
  Dodge: Dodged            ||   112

Table legend: (Time is in decaauts)
 A = Elapsed time spent in this place.
 B = Non-inter-level travel time spent in this place.
 C = Inter-level travel time spent in this place.
 D = Time resting spent in this place.
 E = Time spent auto-exploring this place.
 F = Levels seen in this place.
 G = Mean time per level.
                   A        B        C        D        E       F      G
               +--------+--------+--------+--------+--------+-----+--------+
         Total |   1797 |   1712 |     85 |      0 |   1301 |   2 |  898.5 |
       Dungeon |   1797 |   1712 |     85 |      0 |   1301 |   2 |  898.5 |
               +--------+--------+--------+--------+--------+-----+--------+

Top non-repeatable levels by time:
     D:1: 1298 daAuts
     D:2: 498 daAuts
